 Dungeon Sprint DCSS version 0.17-a0-2069-g0f4ee5b (webtiles) character file.

62571 Kidiri the Tortoise (level 15, -17/103 HPs)
             Began as a Gargoyle Fighter on Oct 13, 2015.
             Was a High Priest of Okawaru.
             Killed from afar by Asmodeus (37 damage)
             ... with a blast of hellfire
             ... in the Dungeon (Sprint IX: "|||||||||||||||||||||||||||||").
             The game lasted 00:24:53 (4539 turns).

Kidiri the Tortoise (Gargoyle Fighter)              Turns: 4539, Time: 00:24:54

Health: -17/103    AC: 42    Str: 33    XL:     15   Next: 6%
Magic:  22/28      EV: 21    Int:  9    God:    Okawaru [*****.]
Gold:   1911       SH: 28    Dex: 15    Spells: 0 memorised, 14 levels left

rFire  + . .     SeeInvis +     G - +10 flail of Beogh's Righteous Fury {drain, rElec MR+ Dex+3 SInv}
rCold  . . .     Clarity  .     E - +0 plate armour
rNeg   + . .     SustAt   .     r - +1 large shield
rPois  ∞         Gourm    .     H - +2 helmet
rElec  +         Spirit   .     (no cloak)
rCorr  .         Warding  .     g - +1 pair of gloves
rMut   .         NoTele   +     C - +0 pair of boots
MR     ++...                    (no amulet)
Stlth  ..........               b - +3 ring of strength
                                D - ring of protection from fire

@: mighty, heroism, finesse, very slightly contaminated, hasted, very quick,
very resistant to hostile enchantments, extremely unstealthy
A: big wings, hooves 1, agile 1, blink, deterioration 1, high mp 1, negative
energy resistance 1, regeneration 1, shaggy fur 1, electricity resistance,
unbreathing, petrification resistance, rot immunity, AC +11
a: Fly, Blink, Heroism, Finesse, Renounce Religion


You were in the Dungeon.
You worshipped Okawaru.
Okawaru was extremely pleased with you.
You were very full.

You visited 1 branch You collected 1911 gold pieces.

Inventory:

Hand Weapons
 q - a +2 morningstar of pain
 G - the +10 flail of Beogh's Righteous Fury (weapon) {drain, rElec MR+ Dex+3 SInv}
   (You found it in the Dungeon)

   A truly terrible weapon, it drains the life of those it strikes.
   It affects your dexterity (+3).
   It insulates you from electricity.
   It affects your resistance to hostile enchantments.
   It lets you see invisible.
Missiles
 L - a javelin of penetration (quivered)
Armour
 g - a +1 pair of gloves (worn)
 l - a +2 hat of see invisible
 r - a +1 large shield (worn)
 C - a +0 pair of boots (worn)
 E - a +0 plate armour (worn)
 H - a +2 helmet (worn)
Jewellery
 a - a +2 ring of protection
 b - a +3 ring of strength (right hand)
 s - an uncursed ring of ice
 D - a ring of protection from fire (left hand)
 F - an uncursed ring of protection from fire
Wands
 p - a wand of fire (7)
 z - a wand of teleportation (2)
Scrolls
 k - 2 scrolls of blinking
 n - 4 scrolls of remove curse
 o - 2 scrolls of amnesia
 v - a scroll of enchant armour
 w - 2 scrolls of identify
 x - 6 scrolls of enchant weapon
 y - 2 scrolls of fog
Potions
 f - a potion of invisibility
 h - a potion of haste
 i - 4 potions of magic
 j - a potion of berserk rage
 m - 5 potions of curing
 t - a potion of resistance
 u - a potion of brilliance
 I - a potion of cure mutation
Comestibles
 e - 9 bread rations
 A - 40 fruits
 B - 12 meat rations


   Skills:
 + Level 15.0(20.0) Fighting
 * Level 18.3(23.3) Maces & Flails
 * Level 19.9(24.9) Armour
 * Level 15.7(20.7) Dodging
 * Level 19.8(24.8) Shields
 + Level 14.4 Invocations


You had 14 spell levels left.
You didn't know any spells.

Dungeon Overview and Level Annotations

Branches:
Dungeon (1/1)

Altars:
Cheibriados
Dithmenos
Elyvilon
Fedhas
Gozag
Kikubaaqudgha
Makhleb
Nemelex Xobeh
Okawaru
Qazlal
Ru
Sif Muna
Trog
Vehumet
Xom
Yredelemnul
Zin
The Shining One
Beogh
Jiyva
Lugonu

Shops:
D *?[:

Annotations:
D Asmodeus


Innate Abilities, Weirdness & Mutations

You are resistant to torment.
Your stone body is resilient (AC +11).
You are immune to poison.
Your large and strong wings let you fly indefinitely.
You resist negative energy.
You are resistant to electric shocks.
You can survive without breathing.
You are immune to petrification.
You are immune to rotting.
You have large cloven feet.
You are agile. (Dex +2)
You can translocate small distances at will.
Your body sometimes deteriorates upon taking damage.
You have an increased reservoir of magic (+10% MP).
Your natural rate of healing is unusually fast.
You are covered in fur (AC +1).


Message History

The javelin of penetration pierces through Asmodeus but does no damage.
Asmodeus is almost dead.
Throwing (i - inventory):
L - 3 javelins of penetration (quivered)
Press: ? - help, Shift-Dir - straight line, f/p - Asmodeus
Aim: Asmodeus, wielding a ruby sceptre (flame, almost dead)
You throw a javelin of penetration.
The javelin of penetration barely misses Asmodeus.
The javelin of penetration pierces through the balrug.
The balrug is lightly wounded.
Throwing (i - inventory):
L - 2 javelins of penetration (quivered)
Press: ? - help, Shift-Dir - straight line, f/p - Asmodeus
Aim: Asmodeus, wielding a ruby sceptre (flame, almost dead)
You throw a javelin of penetration.
The javelin of penetration pierces through Asmodeus!
Asmodeus is almost dead.
The javelin of penetration pierces through the balrug!
The balrug is moderately wounded.
Asmodeus gestures at you.
The hellfire explodes!
The blast of hellfire engulfs you!
You die...

▓.▓.▓'▓.▓.▓.▓)▓.▓.
▓'▓.▓÷▓.▓.▓.▓)▓.▓.
▓(▓.▓)▓.▓.▓.▓)▓.▓.
▓)▓.▓.▓.▓.▓.▓)▓.▓.
▓)▓.▓.▓.▓.▓.▓.▓.▓.
▓)▓.▓)▓.▓.▓.▓)▓.▓.
▓)▓.▓.▓.▓(▓.▓)▓.▓'
▓)▓.▓.▓.▓'▓.▓)▓.▓.
▓@▓.▓.▓.▓)▓.▓)▓.▓.
▓.▓.▓)▓.▓(▓.▓)▓.▓.
▓(▓.▓'▓.▓.▓.▓.▓.▓.
▓(▓.▓.▓.▓(▓.▓∩▓.▓.
▓.▓.▓.▓.▓(▓.▓)▓.▓.
▓§▓.▓.▓.▓.▓.▓∩▓.▓.
▓&▓.▓.▓.▓)▓.▓.▓.▓.
▓2▓.▓.▓.▓.▓.▓∩▓.▓(
▓§▓.▓.▓.▓)▓.▓.▓.▓.


You could see Asmodeus and a balrug.

Vanquished Creatures
  Gastronok (D)
  A fire giant (D)
  A ghost moth (D)
  3 ironheart preservers (D)
  4 stone giants (D)
  2 very ugly things (D)
  2 ettins (D)
  A fire dragon (D)
  Josephine (D)
  A great orb of eyes (D)
  4 entropy weavers (D)
  A rakshasa (D)
  3 yaktaur captains (D)
  A hydra (D)
  A ghost crab (D)
  2 deep troll shamans (D)
  2 ice dragons (D)
  A merfolk avatar (D)
  An anaconda (D)
  4 centaur warriors (D)
  A catoblepas (D)
  A tengu warrior (D)
  A vampire mage (D)
  10 orc high priests (D)
  2 ogre magi (D)
  A hell knight (D)
  Sonja (D)
  An unseen horror (D)
  2 sea snakes (D)
  5 ironbrand convokers (D)
  A wolf spider (D)
  6 orc knights (D)
  3 ugly things (D)
  3 mana vipers (D)
  2 orc sorcerers (D)
  2 sirens (D)
  An elephant (D)
  4 black mambas (D)
  A moth of wrath (D)
  A torpor snail (D)
  2 guardian serpents (D)
  Psyche (D)
  A vault sentinel (D)
  3 spiny frogs (D)
  A komodo dragon (D)
  2 demonic crawlers (D)
  A jumping spider (D)
  A tengu conjurer (D)
  A two-headed ogre (shapeshifter) (D)
  3 giant leeches (D)
  4 blink frogs (D)
  A bog body (D)
  A tarantella (D)
  3 slime creatures (D)
  A trapdoor spider (D)
  2 snapping turtles (D)
  A shadow (D)
  A yak (D)
  A water elemental (D)
  3 wraiths (D)
  A spriggan (D)
  A golden eye (shapeshifter) (D)
  3 vampire mosquitoes (D)
  2 nagas (D)
  A water moccasin (D)
  A necrophage (D)
  A porcupine (D)
  A wasp (D)
  9 orc warriors (D)
  2 crocodiles (D)
  4 giant frogs (D)
  A scorpion (D)
  A crimson imp (D)
  4 orc priests (D)
  A worker ant (D)
  5 orc wizards (D)
  2 river rats (D)
  An adder (D)
  A shadow imp (D)
  An adder simulacrum (D)
  7 orcs (D)
  A bat zombie (D)
  A jackal (D)
  A giant gecko skeleton (D)
  3 giant newts (D)
  A kobold (D)
  A quokka skeleton (D)
  A rat (D)
179 creatures vanquished.

Vanquished Creatures (others)
  A sphinx (D)
  2 hydras (D)
  A hornet (D)
  A spiny frog (D)
  An orc wizard (D)
6 creatures vanquished.

Grand Total: 185 creatures vanquished

Notes
Turn   | Place    | Note
--------------------------------------------------------------
     0 | D        | Kidiri the Gargoyle Fighter began the quest for the Orb.
     0 | D        | Reached XP level 1. HP: 14/14 MP: 1/1
    32 | D        | Noticed an orc wizard
    32 | D        | Noticed a worker ant
    35 | D        | Reached skill level 4 in Shields
    86 | D        | Killed an orc wizard
    86 | D        | Reached XP level 2. HP: 12/20 MP: 2/2
    86 | D        | Reached XP level 3. HP: 14/24 MP: 3/3
    95 | D        | Killed a worker ant
    95 | D        | Reached skill level 5 in Armour
    95 | D        | Reached skill level 5 in Shields
    95 | D        | Reached XP level 4. HP: 15/29 MP: 4/4
   106 | D        | Found a glowing silver altar of Zin.
   106 | D        | Found a glowing golden altar of the Shining One.
   106 | D        | Found an ancient bone altar of Kikubaaqudgha.
   106 | D        | Found a basalt altar of Yredelemnul.
   106 | D        | Found a shimmering altar of Xom.
   106 | D        | Found a radiant altar of Vehumet.
   107 | D        | Found an iron altar of Okawaru.
   108 | D        | Found a burning altar of Makhleb.
   109 | D        | Found a deep blue altar of Sif Muna.
   110 | D        | Found a bloodstained altar of Trog.
   111 | D        | Found a sparkling altar of Nemelex Xobeh.
   112 | D        | Found a white marble altar of Elyvilon.
   113 | D        | Found a roughly hewn altar of Beogh.
   114 | D        | Found a viscous altar of Jiyva.
   115 | D        | Became a worshipper of Warmaster Okawaru
   116 | D        | Found a corrupted altar of Lugonu.
   117 | D        | Found a blossoming altar of Fedhas.
   118 | D        | Found a snail-covered altar of Cheibriados.
   119 | D        | Found a shadowy altar of Dithmenos.
   120 | D        | Found a stormy altar of Qazlal.
   121 | D        | Found an opulent altar of Gozag.
   122 | D        | Found a sacrificial altar of Ru.
   247 | D        | Noticed a wasp
   247 | D        | Noticed a necrophage
   247 | D        | Noticed a scorpion
   267 | D        | Killed a wasp
   267 | D        | Reached skill level 5 in Maces & Flails
   267 | D        | Reached skill level 6 in Armour
   267 | D        | Reached XP level 5. HP: 28/34 MP: 4/6
   279 | D        | Killed a necrophage
   279 | D        | Reached * piety under Okawaru
   279 | D        | Reached skill level 5 in Fighting
   279 | D        | Reached skill level 7 in Shields
   279 | D        | Reached XP level 6. HP: 24/40 MP: 5/8
   284 | D        | Killed a scorpion
   435 | D        | Noticed a crimson imp
   435 | D        | Noticed an orc wizard
   435 | D        | Noticed an orc wizard
   435 | D        | Noticed a slime creature
   435 | D        | Noticed a centaur warrior
   435 | D        | Noticed a giant frog
   441 | D        | Killed a crimson imp
   441 | D        | Reached skill level 5 in Dodging
   447 | D        | Killed a slime creature
   447 | D        | Reached skill level 8 in Armour
   447 | D        | Reached XP level 7. HP: 44/46 MP: 7/10
   447 | D        | Killed an orc wizard
   453 | D        | Killed a centaur warrior
   453 | D        | Reached ** piety under Okawaru
   453 | D        | Reached skill level 9 in Armour
   453 | D        | Reached skill level 5 in Invocations
   453 | D        | Reached XP level 8. HP: 39/53 MP: 8/12
   458 | D        | Killed a giant frog
   460 | D        | Killed an orc wizard
   647 | D        | Noticed a water moccasin
   647 | D        | Noticed a spiny frog
   647 | D        | Noticed a black mamba
   647 | D        | Noticed a black mamba
   647 | D        | Noticed a spiny frog
   648 | D        | Noticed a komodo dragon
   653 | D        | Noticed a yak
   655 | D        | Killed a water moccasin
   661 | D        | Noticed a porcupine
   666 | D        | Killed a spiny frog
   666 | D        | Reached skill level 10 in Armour
   666 | D        | Reached skill level 10 in Shields
   674 | D        | Killed a black mamba
   674 | D        | Reached *** piety under Okawaru
   674 | D        | Reached XP level 9. HP: 43/59 MP: 13/13
   677 | D        | Killed a black mamba
   687 | D        | Killed a spiny frog
   687 | D        | Reached skill level 11 in Armour
   696 | D        | Killed a komodo dragon
   696 | D        | Reached skill level 10 in Maces & Flails
   704 | D        | Killed a yak
   705 | D        | Killed a porcupine
   705 | D        | Reached **** piety under Okawaru
   844 | D        | Noticed a blink frog
   844 | D        | Noticed a crocodile
   844 | D        | Noticed a crocodile
   844 | D        | Noticed a four-headed hydra
   844 | D        | Noticed a black mamba
   846 | D        | Noticed a giant frog
   850 | D        | Killed a crocodile
   854 | D        | Noticed an elephant
   856 | D        | Killed a four-headed hydra
   856 | D        | Reached XP level 10. HP: 52/65 MP: 13/15
   859 | D        | Noticed a torpor snail
   860 | D        | Killed a crocodile
   867 | D        | Killed a black mamba
   867 | D        | Reached ***** piety under Okawaru
   867 | D        | Reached skill level 12 in Armour
   871 | D        | Killed a giant frog
   880 | D        | Killed an elephant
   886 | D        | Killed a torpor snail
   893 | D        | Killed a blink frog
  1100 | D        | Noticed a blink frog
  1100 | D        | Noticed a spiny frog
  1100 | D        | Noticed a blink frog
  1100 | D        | Noticed a giant leech
  1100 | D        | Noticed a giant frog
  1100 | D        | Noticed a giant leech
  1101 | D        | Noticed a giant leech
  1106 | D        | Killed a spiny frog
  1111 | D        | Killed a blink frog
  1112 | D        | Noticed a blink frog
  1127 | D        | Killed a blink frog
  1130 | D        | Killed a giant leech
  1134 | D        | Killed a giant frog
  1144 | D        | Killed a giant leech
  1153 | D        | Killed a giant leech
  1153 | D        | Reached skill level 13 in Shields
  1157 | D        | Killed a blink frog
  1157 | D        | Reached XP level 11. HP: 44/72 MP: 12/17
  1336 | D        | Noticed Gastronok
  1355 | D        | Killed Gastronok
  1355 | D        | Reached skill level 10 in Fighting
  1355 | D        | Reached skill level 10 in Dodging
  1824 | D        | Noticed an orc wizard
  1824 | D        | Noticed an orc sorcerer
  1824 | D        | Noticed an orc warrior
  1824 | D        | Noticed an orc wizard
  1825 | D        | Noticed an orc priest
  1832 | D        | Killed an orc sorcerer
  1837 | D        | Killed an orc warrior
  1840 | D        | Killed an orc wizard
  1841 | D        | Noticed an orc wizard
  1844 | D        | Killed an orc wizard
  1851 | D        | Noticed an orc priest
  1853 | D        | Noticed an orc priest
  1855 | D        | Killed an orc priest
  1860 | D        | Killed an orc wizard
  1870 | D        | Killed an orc priest
  1873 | D        | Killed an orc priest
  2037 | D        | Noticed an orc high priest
  2037 | D        | Noticed an orc warrior
  2037 | D        | Noticed an orc warrior
  2037 | D        | Noticed an orc knight
  2037 | D        | Noticed an orc warrior
  2037 | D        | Noticed an orc priest
  2038 | D        | Noticed an orc warrior
  2053 | D        | Killed an orc high priest
  2054 | D        | Noticed an orc warrior
  2058 | D        | Killed an orc warrior
  2059 | D        | Noticed an orc sorcerer
  2067 | D        | Killed an orc knight
  2068 | D        | Noticed an orc warrior
  2075 | D        | Killed an orc warrior
  2075 | D        | Received a gift from Okawaru
  2076 | D        | Noticed an orc warrior
  2080 | D        | Killed an orc warrior
  2080 | D        | Reached skill level 14 in Armour
  2081 | D        | Noticed an orc warrior
  2088 | D        | Killed an orc sorcerer
  2091 | D        | Killed an orc warrior
  2095 | D        | Killed an orc warrior
  2098 | D        | Killed an orc priest
  2102 | D        | Killed an orc warrior
  2106 | D        | Killed an orc warrior
  2114 | D        | Killed an orc warrior
  2191 | D        | Found Daepp's General Store.
  2191 | D        | Noticed an orc knight
  2191 | D        | Noticed an orc knight
  2191 | D        | Noticed an orc high priest
  2191 | D        | Noticed an orc high priest
  2191 | D        | Noticed an orc high priest
  2197 | D        | Killed an orc knight
  2204 | D        | Noticed an orc knight
  2206 | D        | Killed an orc knight
  2206 | D        | Reached skill level 10 in Invocations
  2215 | D        | Killed an orc high priest
  2216 | D        | Found Ywaptirph's Magic Scroll Shoppe.
  2216 | D        | Noticed an orc knight
  2222 | D        | Killed an orc high priest
  2222 | D        | Reached XP level 12. HP: 35/80 MP: 13/19
  2223 | D        | Noticed an orc high priest
  2234 | D        | Noticed an orc high priest
  2234 | D        | Killed an orc high priest
  2235 | D        | Found Mige's Armour Emporium.
  2242 | D        | Killed an orc knight
  2255 | D        | Killed an orc knight
  2260 | D        | Killed an orc high priest
  2260 | D        | Reached skill level 15 in Armour
  2260 | D        | Reached skill level 15 in Shields
  2262 | D        | Found Nitzurev's Book Shoppe.
  2266 | D        | Noticed an orc high priest
  2272 | D        | Noticed an orc high priest
  2277 | D        | Noticed an orc high priest
  2287 | D        | Killed an orc high priest
  2287 | D        | Received a gift from Okawaru
  2292 | D        | Noticed an orc high priest
  2297 | D        | Killed an orc high priest
  2300 | D        | Killed an orc high priest
  2322 | D        | Killed an orc high priest
  2347 | D        | Killed an orc high priest
  2658 | D        | Noticed Sonja
  2671 | D        | Killed Sonja
  2695 | D        | Noticed Josephine
  2696 | D        | Noticed a wraith
  2697 | D        | Noticed a wraith
  2698 | D        | Noticed a wraith
  2704 | D        | Killed Josephine
  2708 | D        | Killed a wraith
  2712 | D        | Killed a wraith
  2718 | D        | Killed a wraith
  2778 | D        | Got the +10 flail of Beogh's Righteous Fury {drain, rElec MR+ Dex+3 SInv}
  2880 | D        | Got the cursed -2 helmet of Fecseikk {Str+9}
  2917 | D        | Noticed a catoblepas
  2917 | D        | Noticed a centaur warrior
  2917 | D        | Noticed a green ugly thing
  2917 | D        | Noticed a giant frog
  2921 | D        | Killed a catoblepas
  2922 | D        | Noticed a tengu warrior
  2927 | D        | Noticed a stone giant
  2931 | D        | Killed a centaur warrior
  2931 | D        | Reached skill level 16 in Armour
  2936 | D        | Killed a green ugly thing
  2937 | D        | Noticed a tengu conjurer
  2938 | D        | Noticed a slime creature
  2942 | D        | Killed a giant frog
  2949 | D        | Noticed a deep troll shaman
  2951 | D        | Killed a stone giant
  2952 | D        | Noticed a centaur warrior
  2959 | D        | Killed a tengu warrior
  2959 | D        | Reached XP level 13. HP: 86/86 MP: 16/21
  2964 | D        | Killed a slime creature
  2971 | D        | Noticed an entropy weaver
  2973 | D        | Killed a tengu conjurer
  2980 | D        | Killed a deep troll shaman
  2986 | D        | Killed a centaur warrior
  2986 | D        | Reached skill level 15 in Maces & Flails
  2987 | D        | Noticed a fire dragon
  3000 | D        | Killed an entropy weaver
  3007 | D        | Killed a fire dragon
  3007 | D        | Received a gift from Okawaru
  3008 | D        | Got a bloodstained dagger {god gift}
  3009 | D        | Identified the +1 dagger of the Girdle {elec, -Tele rN+ MP+9 Dex+6} (Okawaru gifted it to you in the Dungeon)
  3137 | D        | Noticed a mana viper
  3137 | D        | Noticed a black mamba
  3137 | D        | Noticed a guardian serpent
  3137 | D        | Noticed a guardian serpent
  3137 | D        | Noticed a naga
  3137 | D        | Noticed a naga
  3142 | D        | Killed a mana viper
  3143 | D        | Noticed a mana viper
  3144 | D        | Noticed an anaconda
  3148 | D        | Noticed a mana viper
  3151 | D        | Killed a black mamba
  3155 | D        | Killed a mana viper
  3160 | D        | Killed a guardian serpent
  3166 | D        | Killed a guardian serpent
  3173 | D        | Killed an anaconda
  3178 | D        | Killed a naga
  3181 | D        | Killed a naga
  3181 | D        | Reached skill level 17 in Armour
  3186 | D        | Killed a mana viper
  3197 | D        | Gained mutation: Your body sometimes deteriorates upon taking damage. [mutagenic meat]
  3198 | D        | Gained mutation: Your natural rate of healing is unusually fast. [mutagenic meat]
  3199 | D        | Gained mutation: You are agile. (Dex +2) [mutagenic meat]
  3200 | D        | Gained mutation: You have large cloven feet. [mutagenic meat]
  3201 | D        | Gained mutation: You can translocate small distances at will. [mutagenic meat]
  3259 | D        | Noticed a four-headed hydra
  3259 | D        | Noticed a purple very ugly thing
  3259 | D        | Noticed a hornet
  3259 | D        | Noticed a ghost crab
  3259 | D        | Noticed a five-headed hydra
  3259 | D        | Noticed a spiny frog
  3262 | D        | Noticed a spectral juggernaut
  3264 | D        | Killed a spiny frog
  3266 | D        | Killed a five-headed hydra
  3268 | D        | Killed a four-headed hydra
  3273 | D        | Killed a hornet
  3283 | D        | Noticed a vampire mosquito
  3286 | D        | Noticed a shadow
  3286 | D        | Killed a purple very ugly thing
  3319 | D        | Noticed a bog body
  3334 | D        | Killed a ghost crab
  3340 | D        | Killed a vampire mosquito
  3347 | D        | Killed a shadow
  3349 | D        | Killed a bog body
  3366 | D        | Gained mutation: You are covered in fur (AC +1). [mutagenic meat]
  3367 | D        | Gained mutation: You have an increased reservoir of magic (+10% MP). [mutagenic meat]
  3468 | D        | Noticed a siren
  3468 | D        | Noticed a merfolk avatar
  3468 | D        | Noticed a sea snake
  3468 | D        | Noticed a water elemental
  3468 | D        | Noticed a snapping turtle
  3468 | D        | Noticed a snapping turtle
  3469 | D        | Noticed a siren
  3477 | D        | Killed a merfolk avatar
  3479 | D        | Noticed a sea snake
  3482 | D        | Killed a siren
  3487 | D        | Killed a sea snake
  3492 | D        | Killed a water elemental
  3501 | D        | Killed a snapping turtle
  3501 | D        | Received a gift from Okawaru
  3514 | D        | Killed a snapping turtle
  3518 | D        | Killed a siren
  3524 | D        | Killed a sea snake
  3704 | D        | Noticed a demonic crawler
  3704 | D        | Noticed a moth of wrath
  3704 | D        | Noticed a jumping spider
  3704 | D        | Noticed a tarantella
  3704 | D        | Noticed an entropy weaver
  3709 | D        | Killed a demonic crawler
  3711 | D        | Killed a jumping spider
  3718 | D        | Killed a moth of wrath
  3720 | D        | Noticed a trapdoor spider
  3723 | D        | Killed a tarantella
  3724 | D        | Noticed a wolf spider
  3725 | D        | Noticed a ghost moth
  3732 | D        | Killed an entropy weaver
  3738 | D        | Noticed a demonic crawler
  3738 | D        | Killed a trapdoor spider
  3744 | D        | Killed a wolf spider
  3744 | D        | Received a gift from Okawaru
  3753 | D        | Killed a ghost moth
  3753 | D        | Received a gift from Okawaru
  3764 | D        | Killed a demonic crawler
  3916 | D        | Noticed Psyche
  3920 | D        | Killed Psyche
  4006 | D        | Noticed an ettin
  4006 | D        | Noticed a slime creature
  4006 | D        | Noticed an ettin
  4006 | D        | Noticed a stone giant
  4006 | D        | Noticed an ogre mage
  4006 | D        | Noticed a purple very ugly thing
  4009 | D        | Noticed a fire giant
  4012 | D        | Killed an ettin
  4014 | D        | Noticed an entropy weaver
  4015 | D        | Killed a slime creature
  4015 | D        | Gained mutation: Your large and strong wings let you fly indefinitely. [Gargoyle growth]
  4015 | D        | Reached XP level 14. HP: 94/94 MP: 18/25
  4017 | D        | Noticed an entropy weaver
  4033 | D        | Killed a stone giant
  4033 | D        | Reached skill level 18 in Armour
  4040 | D        | Killed an entropy weaver
  4044 | D        | Noticed a stone giant
  4050 | D        | Noticed a hell knight
  4060 | D        | Killed a purple very ugly thing
  4069 | D        | Killed a fire giant
  4069 | D        | Received a gift from Okawaru
  4076 | D        | Killed an ettin
  4079 | D        | Killed an ogre mage
  4081 | D        | Noticed a deep troll shaman
  4082 | D        | Noticed an ogre mage
  4101 | D        | Killed an entropy weaver
  4149 | D        | Killed a deep troll shaman
  4153 | D        | Killed a hell knight
  4159 | D        | Killed an ogre mage
  4160 | D        | Noticed an ice dragon
  4162 | D        | Killed a stone giant
  4163 | D        | Noticed a stone giant
  4164 | D        | Noticed a two-headed ogre
  4165 | D        | Noticed a vampire mage
  4166 | D        | Noticed a rakshasa
  4185 | D        | Killed a stone giant
  4187 | D        | Killed an ice dragon
  4189 | D        | Killed a two-headed ogre
  4196 | D        | Killed a vampire mage
  4231 | D        | Killed a vampire mage
  4240 | D        | Killed a rakshasa
  4240 | D        | Reached skill level 19 in Armour
  4352 | D        | Noticed a vampire mosquito
  4352 | D        | Noticed an ironbrand convoker
  4352 | D        | Noticed a vault sentinel
  4352 | D        | Noticed an unseen horror
  4352 | D        | Noticed an ironbrand convoker
  4352 | D        | Noticed a great orb of eyes
  4356 | D        | Killed a vampire mosquito
  4357 | D        | Noticed an ironheart preserver
  4365 | D        | Noticed a yaktaur captain
  4367 | D        | Killed an ironbrand convoker
  4367 | D        | Reached skill level 15 in Dodging
  4369 | D        | Noticed an orc knight
  4374 | D        | Killed a vault sentinel
  4381 | D        | Killed an unseen horror
  4381 | D        | Killed an ironheart preserver
  4383 | D        | Noticed a cyan ugly thing
  4385 | D        | Killed an ironbrand convoker
  4386 | D        | Paralysed by a great orb of eyes for 3 turns
  4389 | D        | Noticed a vampire mosquito
  4390 | D        | Noticed a white ugly thing
  4395 | D        | Killed a great orb of eyes
  4397 | D        | Noticed an ironbrand convoker
  4398 | D        | Killed a vampire mosquito
  4403 | D        | Noticed a yaktaur captain
  4405 | D        | Killed a yaktaur captain
  4406 | D        | Killed a cyan ugly thing
  4407 | D        | Killed an orc knight
  4408 | D        | Noticed an ironheart preserver
  4410 | D        | Noticed an ice dragon
  4410 | D        | Killed a cyan ugly thing
  4412 | D        | Killed an ironbrand convoker
  4417 | D        | Killed a yaktaur captain
  4419 | D        | Noticed an ironbrand convoker
  4424 | D        | Killed an ironheart preserver
  4424 | D        | Received a gift from Okawaru
  4437 | D        | Killed an ice dragon
  4437 | D        | Reached ****** piety under Okawaru
  4448 | D        | Killed an ironbrand convoker
  4452 | D        | Noticed a yaktaur captain
  4455 | D        | Noticed an ironbrand convoker
  4456 | D        | Noticed an ironheart preserver
  4463 | D        | Killed a yaktaur captain
  4469 | D        | Noticed a centaur warrior
  4469 | D        | Noticed a sphinx
  4469 | D        | Noticed a spriggan baker
  4469 | D        | Noticed Asmodeus
  4473 | D        | Killed an ironbrand convoker
  4473 | D        | Reached XP level 15. HP: 79/101 MP: 28/28
  4477 | D        | Killed an ironheart preserver
  4478 | D        | Killed a spriggan baker
  4484 | D        | Killed a sphinx
  4502 | D        | Noticed a Brimstone Fiend
  4536 | D        | Killed a centaur warrior
  4536 | D        | Reached skill level 15 in Fighting
  4539 | D        | Killed from afar by Asmodeus

Vault maps used:
D:        linesprint

Action                   |  1- 3 |  4- 6 |  7- 9 | 10-12 | 13-15 || total
-------------------------+-------+-------+-------+-------+-------++-------
Melee: Flail             |    59 |       |       |    37 |   612 ||   708
       Morningstar       |       |    54 |    79 |   372 |       ||   505
Throw: Javelin           |       |       |       |       |    22 ||    22
Invok: Heroism           |       |     1 |     3 |     8 |     9 ||    21
       Finesse           |       |       |       |     8 |     9 ||    17
  Use: Potion            |     2 |     1 |       |     5 |     8 ||    16
       Scroll            |       |       |       |       |     1 ||     1
  Eat: Chunk             |       |       |       |     3 |    14 ||    17
       Bread ration      |       |       |       |     2 |     2 ||     4
